 Dungeon Sprint DCSS version 0.31-a0-325-g067879e3d3 (webtiles) character file.

Game seed: 9948326706581441525

449915 HallandMoats the End of an Era (level 18, 177/177 HPs)
             Began as a Demonspawn Monk on July 19, 2023.
             Was the Champion of Qazlal.
             Escaped with the Orb!
             The game lasted 00:23:41 (2718 turns).

HallandMoats the End of an Era (Demonspawn Monk)    Turns: 2718, Time: 00:23:42

Health: 177/177    AC: 45    Str: 20    XL:     18   Next: 14%
Magic:  35/35      EV:  9    Int: 12    God:    Qazlal [******]
Gold:   0          SH: 43    Dex: 18    Spells: 17/17 levels left

rFire   + . .        t - +16 obsidian axe {drain, demonic, Mesm Drain Fly SInv}
rCold   + . .        u - +18 shield of the Gong {Loud rN+ Will+ rCorr EV-5}
rNeg    + + +        a - +9 gold dragon scales
rPois   +            (helmet restricted)
rElec   .            O - +1 cloak {Stlth+}
rCorr   +            T - +1 pair of gloves of the Healing Gods {rPois SInv}
SInv    +            B - +1 pair of boots {Fly}
Will    +++++        K - amulet of the Four Winds {rN+ Will+++ Clar} Stlth
                     N - +4 ring of slaying
HPRegen 0.49/turn    l - ring "Cyning" {rN+ Str+3}
MPRegen 0.48/turn

%: no teleportation, repel missiles, clarity, guardian spirit
@: flying, studying 6 skills
A: antennae 2, slimy green scales 2, powered by pain 2, magic shield, magic
regeneration, magic link, corrupting presence 1
0: Orb of Zot
a: Renounce Religion, Upheaval, Elemental Force, Disaster Area


You escaped.
You worshipped Qazlal.
Qazlal was exalted by your worship.
You visited 1 branch

Inventory:

Hand Weapons
 t - the +16 obsidian axe (weapon) {drain, demonic, Mesm Drain Fly SInv}
   (You found it in the Dungeon)

   Mesm:      Its wielder is mesmerised by any visible foes, and it cannot be
   unequipped while any foes are visible.
   SInv:      It lets you see invisible.
   Fly:       It grants you flight.
   Drain:     It drains your maximum health when unequipped.
 F - the +8 Wrath of Trog {antimagic, *Rage Rampage}
   (You found it in the Dungeon)

   It causes slowness and exhaustion when equipped.
   It extends the wielder's berserk rage when killing foes.
   *Rage:     It berserks you when you make melee attacks (+50% chance).
   Rampage:   It bestows one free step when moving towards enemies.
 I - the +5 scythe "Finisher" {speed, execute}
   (You took it off a skeletal warrior in the Dungeon)
 M - the +8 longbow "Zephyr" {speed, Dex+3 SInv}
   (You took it off a merfolk siren in the Dungeon)

   Dex:       It affects your dexterity (+3).
   SInv:      It lets you see invisible.
 Q - the +10 morningstar "Eos" {elec, Halo rElec}
   (You found it in the Dungeon)

   Halo:      It grants its wielder a halo, revealing invisible creatures and
   increasing accuracy against all within it other than the wielder.
   rElec:     It insulates you from electricity.
 S - the +7 lajatang of Order {silver, rMut}
   (You took it off a spriggan defender in the Dungeon)

   rMut:      It protects you from mutation.
Armour
 a - +9 gold dragon scales (worn)
 u - the +18 shield of the Gong (worn) {Loud rN+ Will+ rCorr EV-5}
   (You found it in the Dungeon)

   Loud:      It is deafeningly noisy when blocking attacks.
   EV:        It affects your evasion (-5).
   rN:        It protects you from negative energy.
   rCorr:     It protects you from acid and corrosion.
   Will:      It increases your willpower.
 y - the +1 robe of Vines {NoPotionHeal Regen++++}
   (You found it in the Dungeon)

   NoPotionHeal: Its wearer cannot be healed by potions.
   Regen:     It increases your rate of health regeneration.
 B - a +1 pair of boots of flying (worn)
 J - the +4 moon troll leather armour {Spirit, Regen++ MP+5}
   (You found it in the Dungeon)

   MP:        It affects your magic capacity (+5).
   Regen:     It increases your rate of health regeneration.
 O - a +1 cloak of stealth (worn)
 R - the crystal ball of Wucad Mu {*channel}
   (You found it in the Dungeon)

   *Channel:  It often returns the magic spent to cast spells, but lowers their
   success rate.
   It always returns the magic spent on miscasts.
 T - the +1 pair of gloves of the Healing Gods (worn) {rPois SInv}
   (You found it in the Dungeon)

   rPois:     It protects you from poison.
   SInv:      It lets you see invisible.
Jewellery
 l - the ring "Cyning" (right hand) {rN+ Str+3}
   (You found it in the Dungeon)

   [ring of positive energy]

   Str:       It affects your strength (+3).
   rN:        It protects you from negative energy.
 D - the ring of False Hope {Fire Will+ rCorr Str-3 Int+3}
   (You found it in the Dungeon)

   [ring of fire]

   It enhances your fire magic.
   Str:       It affects your strength (-3).
   Int:       It affects your intelligence (+3).
   rF:        It protects you from fire.
   rC:        It makes you vulnerable to cold.
   rCorr:     It protects you from acid and corrosion.
   Will:      It increases your willpower.
 G - the ring "Beobb" {rC+ Int+3 SInv}
   (You found it in the Dungeon)

   [ring of see invisible]

   Int:       It affects your intelligence (+3).
   rC:        It protects you from cold.
   SInv:      It lets you see invisible.
 K - the amulet of the Four Winds (around neck) {rN+ Will+++ Clar}
   (You took it off a vampire mage in the Dungeon)

   [amulet of nothing]

   rN:        It protects you from negative energy.
   Clar:      It protects you from confusion, rage, mesmerisation and fear.
   Will:      It greatly increases your willpower.
 L - the ring of Music {Will+ Str+2}
   (You found it in the Dungeon)

   [ring of willpower]

   Str:       It affects your strength (+2).
   Will:      It increases your willpower.
 N - a +4 ring of slaying (left hand)
 P - the amulet of Spite {Rampage Fragile +Inv rPois Regen+}
   (You found it in the Dungeon)

   [amulet of regeneration]

   rPois:     It protects you from poison.
   +Inv:      It lets you turn invisible.
   Regen:     It increases your rate of health regeneration.
   Fragile:   It will be destroyed if unequipped.
   Rampage:   It bestows one free step when moving towards enemies.
Talismans
 A - a talisman of death
 H - a granite talisman
Wands
 r - a wand of mindburst (109)
 s - a wand of quicksilver (43)
 v - a wand of paralysis (66)
 w - a wand of roots (53)
 x - a wand of flame (83)
 C - a wand of polymorph (19)
 E - a wand of digging (25)
Scrolls
 j - 4 scrolls of blinking
 n - 4 scrolls of amnesia
 o - 8 scrolls of fog
 p - 5 scrolls of identify
 q - 2 scrolls of fear
 z - 9 scrolls of brand weapon
Potions
 b - 2 potions of brilliance
 c - a potion of ambrosia
 d - 2 potions of invisibility
 e - 10 potions of curing
 f - 18 potions of heal wounds
 g - 7 potions of haste
 h - 7 potions of magic
 i - 3 potions of berserk rage
 k - 4 potions of resistance
 m - 5 potions of might


   Skills:
 + Level 25.3 Fighting
 + Level 22.3 Axes
 + Level 22.6 Armour
 + Level 23.1 Dodging
 + Level 21.5 Shields
 O Level 27 Invocations
 * Level 21.9 Shapeshifting


You had 17 spell levels left.
You didn't know any spells.
Your spell library contained the following spells:

 Spells                   Type           Power      Damage    Failure   Level
 Apportation              Tloc           0%         N/A       100%        1
 Foxfire                  Conj/Fire      0%         2x1d4     100%        1
 Kiss of Death            Conj/Necr      0%         2d5       100%        1
 Magic Dart               Conj           0%         1d3       100%        1
 Slow                     Hex            0%         N/A       100%        1
 Sting                    Tmut/Pois      0%         1d3       100%        1
 Blink                    Tloc           0%         N/A       100%        2
 Call Imp                 Summ           0%         N/A       100%        2
 Ensorcelled Hibernation  Hex/Ice        0%         N/A       100%        2
 Lesser Beckoning         Tloc           0%         N/A       100%        2
 Momentum Strike          Conj/Tloc      0%         3d8       100%        2
 Passwall                 Tmut/Erth      0%         N/A       100%        2
 Poisonous Vapours        Pois/Air       0%         N/A       100%        2
 Scorch                   Fire           0%         2d5       100%        2
 Searing Ray              Conj           0%         2d4       100%        2
 Static Discharge         Conj/Air       0%         2-2/arc   100%        2
 Sublimation of Blood     Necr           0%         N/A       100%        2
 Wereblood                Tmut           0%         N/A       100%        2
 Call Canine Familiar     Summ           0%         N/A       100%        3
 Confusing Touch          Hex            0%         N/A       100%        3
 Dazzling Flash           Conj/Hex       0%         N/A       100%        3
 Frozen Ramparts          Ice            0%         1d1       100%        3
 Gell's Gravitas          Tloc           0%         N/A       100%        3
 Hailstorm                Conj/Ice       0%         3d3       100%        3
 Ignite Poison            Fire/Tmut/Pois 0%         N/A       100%        3
 Inner Flame              Hex/Fire       0%         N/A       100%        3
 Mephitic Cloud           Conj/Pois/Air  0%         N/A       100%        3
 Ozocubu's Armour         Ice            0%         N/A       100%        3
 Portal Projectile        Hex/Tloc       0%         N/A       100%        3
 Stone Arrow              Conj/Erth      0%         3d7       100%        3
 Summon Guardian Golem    Hex/Summ       0%         N/A       100%        3
 Tukima's Dance           Hex            0%         N/A       100%        3
 Vampiric Draining        Necr           0%         2d6       100%        3
 Vhi's Electric Charge    Tloc/Air       0%         N/A       100%        3
 Volatile Blastmotes      Fire/Tloc      0%         2d10      100%        3
 Airstrike                Air            0%         2d(0-16)  100%        4
 Anguish                  Hex/Necr       0%         N/A       100%        4
 Animate Dead             Necr           0%         N/A       100%        4
 Dispel Undead            Necr           0%         3d6       100%        4
 Flame Wave               Conj/Fire      0%         2d4       100%        4
 Fulminant Prism          Conj/Hex       0%         3d5       100%        4
 Leda's Liquefaction      Hex/Erth       0%         N/A       100%        4
 Manifold Assault         Tloc           0%         N/A       100%        4
 Olgreb's Toxic Radiance  Pois           0%         N/A       100%        4
 Passage of Golubria      Tloc           0%         N/A       100%        4
 Petrify                  Tmut/Erth      0%         N/A       100%        4
 Sticky Flame             Conj/Fire      0%         2d3       100%        4
 Summon Ice Beast         Ice/Summ       0%         N/A       100%        4
 Summon Lightning Spire   Summ/Air       0%         N/A       100%        4
 Alistair's Intoxication  Tmut/Pois      0%         N/A       100%        5
 Arcjolt                  Conj/Air       0%         1d10      100%        5
 Borgnjor's Vile Clutch   Necr/Erth      0%         N/A       100%        5
 Fireball                 Conj/Fire      0%         3d3       100%        5
 Freezing Cloud           Conj/Ice/Air   0%         6-21      100%        5
 Irradiate                Conj/Tmut      0%         3d11      100%        5
 Iskenderun's Battlesphe  Conj           0%         2d6       100%        5
 Metabolic Englaciation   Hex/Ice        0%         N/A       100%        5
 Silence                  Hex/Air        0%         N/A       100%        5
 Summon Forest            Summ/Tloc      0%         N/A       100%        5
 Summon Mana Viper        Hex/Summ       0%         N/A       100%        5
 Yara's Violent Unravell  Hex/Tmut       0%         3d3       100%        5
 Conjure Ball Lightning   Conj/Air       0%         3x3d6     100%        6
 Death Channel            Necr           0%         N/A       100%        6
 Dispersal                Tloc           0%         N/A       100%        6
 Eringya's Noxious Bog    Tmut/Pois      0%         4d6       100%        6
 Plasma Beam              Fire/Air       0%         2x1d10    100%        6
 Simulacrum               Ice/Necr       0%         N/A       100%        6
 Starburst                Conj/Fire      0%         6d3       100%        6
 Summon Cactus Giant      Summ           0%         N/A       100%        6
 Haunt                    Necr/Summ      0%         N/A       100%        7
 Monstrous Menagerie      Summ           0%         N/A       100%        7
 Orb of Destruction       Conj           0%         9d5       100%        7
 Ozocubu's Refrigeration  Ice            0%         4d7       100%        7
 Summon Hydra             Summ           0%         N/A       100%        7
 Disjunction              Tloc           0%         N/A       100%        8
 Infestation              Necr           0%         N/A       100%        8
 Maxwell's Capacitive Co  Air            0%         ∞         100%        8
 Dragon's Call            Summ           0%         N/A       100%        9
 Polar Vortex             Ice            0%         N/A       100%        9
 Shatter                  Erth           0%         3d5*      100%        9


Dungeon Overview and Level Annotations

Branches:
Dungeon (1/1)

Altars:
Ashenzari
Cheibriados
Dithmenos
Fedhas
Gozag
Hepliaklqana
Kikubaaqudgha
Makhleb
Nemelex Xobeh
Okawaru
Qazlal
Ru
Sif Muna
Trog
Uskayaw
Vehumet
Wu Jian
Xom
Yredelemnul
Jiyva
Lugonu


Innate Abilities, Weirdness & Mutations

You have a pair of antennae on your head.
You are mostly covered in slimy green scales. (AC +3)
You sometimes gain power by taking damage.
When hurt, damage is shared between your health and your magic reserves.
You regenerate magic rapidly.
When low on magic, you restore magic in place of health.
Your presence sometimes corrodes those you injure.


Message History

You block Cudadgh's attack.
Your smoke demon gestures at Cudadgh.
The ball of steam hits Cudadgh.
Cudadgh resists.
You carve Cudadgh like a ham!!!
Cudadgh is severely wounded.
You block Cudadgh's attack.
You hit Cudadgh but do no damage.
Cudadgh is severely wounded.
Your smoke demon hits Cudadgh but does no damage. x2
Your smoke demon hits Cudadgh.
You hit Cudadgh but do no damage.
Cudadgh is severely wounded.
Cudadgh gestures at you. You block the entropic shot.
Your smoke demon is engulfed in blazing flames.
Your smoke demon hits Cudadgh but does no damage. x3
You hit Cudadgh.
Cudadgh is severely wounded.
Cudadgh gestures.
Cudadgh's surroundings become eerily quiet.
You cut Cudadgh into ribbons!!!
As Cudadgh dies, the sound returns.
You break out of your daze!
You kill Cudadgh!
Qazlal accepts your kill.
Your smoke demon is engulfed in blazing flames.
Your smoke demon is engulfed in blazing flames.
Your smoke demon is engulfed in blazing flames.
Your corrupting presence corrodes your smoke demon!
You swap places.
Unknown command.
Unknown command.
Unknown command.
Unknown command.
Unknown command.
Unknown command.
Unknown command.
Unknown command.
Your smoke demon is engulfed in blazing flames.
There is a staircase leading out of the dungeon here.
You have escaped!

)).~[..)~~~~▓..▓.......▓..▓...8©8
.).[...(~~.~▓.▓.▓.....▓.▓.▓....[)
~~†~).†~...~▓..▓.......▓..▓..[).)
~~~..).~~~.~▓.............▓....)=
.~~...~....~▓......©......▓......
.~~†.~.~....▓▓▓▓▓▓▓▓▓▓▓▓▓▓▓......
▓~~~~.~~▓~.~▓8888888888888▓......
▓▓...~.▓▓▓..▓8..○.°......8▓..▓...
▓~...~~.▓.~.▓8..@3○...©..8▓......
~~.~....~~~~▓8....°......8▓....©.
~~~~©....~~.▓8888888888888▓▓▓▓▓▓▓
▓▓▓▓▓▓▓▓▓▓▓▓▓▓▓▓▓▓▓▓▓▓▓▓▓▓▓▓▓▓▓▓▓
.....8©8..[...=.▓........8©8.....
).|.:.[[)[)..)..▓..[..|[)|:.)...[
.=..=|=).|)):..|▓..)|..†.[).|)...
...=.:|[)[|...[.▓....[..|.==..)..
)....[†....=.|..▓....[.([.(.)....


You could see a friendly smoke demon (summoned, corroded).

Vanquished Creatures
  3 pandemonium lords (D)
  5 royal mummies (D)
  A caustic shrike (D)
  A bone dragon (D)
  A profane servitor (D)
  A Tzitzimitl (D)
  5 doom hounds (D)
  A Hell Sentinel (D)
  2 Ice Fiends (D)
  3 tainted leviathans (D)
  A lich (D)
  An acid blob (D)
  5 ancient champions (D)
  12 shadow dragons (D)
  A rockslime (D)
  2 iron dragons (D)
  A frost giant (D)
  A deep elf sorcerer (D)
  15 ghouls (D)
  2 cacodemons (D)
  An angel (D)
  A demonspawn blood saint (D)
  19 spriggan defenders (D)
  2 demonspawn corrupters (D)
  A quicksilver ooze (D)
  5 vampire knights (D)
  A putrid mouth (D)
  2 deep elf annihilators (D)
  5 blizzard demons (D)
  3 merfolk impalers (D)
  A deep elf high priest (D)
  6 merfolk javelineers (D)
  2 great orbs of eyes (D)
  An ice dragon (D)
  2 catoblepae (D)
  18 spriggan air magi (D)
  4 hydras (D)
  4 merfolk aquamancers (D)
  A satyr (D)
  A death yak (D)
  A death scarab (D)
  A thrashing horror (D)
  4 vampire magi (D)
  20 spriggan berserkers (D)
  A deep elf knight (D)
  19 soul eaters (D)
  4 skysharks (D)
  A wretched star (D)
  3 sea snakes (D)
  5 sixfirhies (D)
  6 spriggan druids (D)
  7 skeletal warriors (D)
  A deep elf archer (D)
  4 harpies (D)
  A shining eye (D)
  A deep elf pyromancer (D)
  9 necromancers (D)
  2 ugly things (D)
  A deep elf zephyrmancer (D)
  A manticore (D)
  2 merfolk sirens (D)
  4 black mambas (D)
  5 elephants (D)
  4 smoke demons (D)
  A water nymph (D)
  A rust devil (D)
  An eye of devastation (D)
  2 orange demons (D)
  3 hellions (D)
  13 cane toads (D)
  6 rime drakes (D)
  An efreet (D)
  A tormentor (D)
  2 freezing wraiths (D)
  8 komodo dragons (D)
  5 ice devils (D)
  2 red devils (D)
  7 guardian mummies (D)
  9 polar bears (D)
  2 merfolk (D)
  6 blink frogs (D)
  2 small abominations (D)
  4 hellwings (D)
  A snapping turtle (D)
  A raiju (D)
  2 dream sheep (D)
  A flying skull (D)
  7 slime creatures (D)
  5 shadows (D)
  An air elemental (D)
  3 vampires (D)
  2 ynoxinuls (D)
  2 spriggans (D)
  A water elemental (D)
  A large abomination (D)
  3 yaks (D)
  3 ushabtiu (D)
  A golden eye (D)
  6 wyverns (D)
  A steam dragon (D)
  A fire elemental (D)
  A neqoxec (D)
  A naga (shapeshifter) (D)
  3 acid dragons (D)
  13 water moccasins (D)
  A black bear (D)
  4 ice beasts (D)
  A swamp drake (D)
  An orc warrior (D)
  3 wolves (D)
  A bullfrog (shapeshifter) (D)
  A bullfrog (D)
  3 necrophages (D)
  5 wights (D)
  A quasit (D)
  6 jellies (D)
  An orc priest (D)
  4 iron imps (D)
  2 orc wizards (D)
  4 mummies (D)
  A river rat (D)
  2 shadow imps (D)
  2 white imps (D)
  7 adder skeletons (D)
  13 adder zombies (D)
  An adder simulacrum (D)
  4 orcs (D)
  A spectral bat (D)
  10 bat skeletons (D)
  10 bat zombies (D)
  An endoplasm (D)
  A ball python simulacrum (D)
  12 ball python skeletons (D)
  7 ball python zombies (D)
  7 giant cockroach zombies (D)
  3 jackal zombies (D)
  3 quokka skeletons (D)
  4 quokka zombies (D)
  A spectral quokka (D)
515 creatures vanquished.

Vanquished Creatures (collateral kills)
  A vampire knight (D)
  A skyshark (D)
  A blink frog (D)
  A large abomination (D)
  A wolf (D)
  An iron imp (D)
  A mummy (D)
  A river rat (D)
  An ufetubus (D)
  2 jackals (D)
11 creatures vanquished.

Vanquished Creatures (others)
  A bat zombie (D)
  A jackal skeleton (D)
2 creatures vanquished.

Grand Total: 528 creatures vanquished

Notes
Turn   | Place    | Note
-------+----------+-------------------------------------------
     0 | D        | HallandMoats the Demonspawn Monk began the quest for the
                  | Orb.
     0 | D        | Reached XP level 1. HP: 18/18 MP: 1/1
    18 | D        | Found a shimmering blue altar of Sif Muna.
    18 | D        | Found a bloodstained altar of Trog.
    18 | D        | Found a sacrificial altar of Ru.
    18 | D        | Found a stormy altar of Qazlal.
    18 | D        | Found an iron altar of Okawaru.
    19 | D        | Found a sparkling altar of Nemelex Xobeh.
    19 | D        | Found a blossoming altar of Fedhas.
    19 | D        | Found the +6 Majin-Bo {spellvamp, MP+6 Int+6}
    19 | D        | Found the +27 heavy crossbow "Sniper" {heavy, Acc+∞ SInv}
    19 | D        | Found the +10 dark maul {heavy}
    19 | D        | Found the +15 Maxwell's patent armour {-Cast -Tele rElec
                  | Will+ rCorr}
    19 | D        | Found the +18 shield of the Gong {Loud rN+ Will+ rCorr
                  | EV-5}
    19 | D        | Found the +16 obsidian axe {drain, demonic, Mesm Drain Fly
                  | SInv}
    19 | D        | Found the +7 great mace "Firestarter" {flame, immolate,
                  | rFlCloud rF++}
    19 | D        | Found the +6 shillelagh "Devastator" {shatter}
    19 | D        | Found the +11 plutonium sword {Contam Stlth-}
    19 | D        | Found the +8 lance "Wyrmbane" {slay drac, rPois rF+ rC+
                  | AC+3}
    19 | D        | Found the +9 sword of Zonguldrok {reap}
    19 | D        | Found the +13 scythe of Curses {drain, curses, Drain}
    19 | D        | Found the +9 sword of Power {lifebolt}
    19 | D        | Found the +7 mace of Variability {chaos, chaos arc}
    19 | D        | Found the +11 Singing Sword {sonic wave}
    19 | D        | Found the +8 storm bow {elec, penet}
    21 | D        | Found a transporter.
    21 | D        | Found an ancient bone altar of Kikubaaqudgha.
    21 | D        | Found a viscous altar of Jiyva.
    21 | D        | Found a corrupted altar of Lugonu.
    21 | D        | Found a hazy altar of Hepliaklqana.
    21 | D        | Found a burning altar of Makhleb.
    21 | D        | Found an opulent altar of Gozag.
    53 | D        | Became a worshipper of Qazlal Stormbringer
    53 | D        | Reached * piety under Qazlal
    53 | D        | Reached ** piety under Qazlal
    72 | D        | Reached skill level 9 in Invocations
    72 | D        | Gained mutation: You regenerate magic rapidly. [demonic
                  | ancestry]
    72 | D        | Reached XP level 2. HP: 24/24 MP: 1/7
   103 | D        | Entered arena 2.
   103 | D        | Noticed a spriggan
   103 | D        | Noticed a black bear
   103 | D        | Found a transporter.
   106 | D        | Killed a spriggan
   107 | D        | Reached skill level 11 in Invocations
   107 | D        | Reached XP level 3. HP: 31/31 MP: 8/10
   107 | D        | Reached XP level 4. HP: 38/38 MP: 8/11
   107 | D        | Gained mutation: You sometimes gain a little power by
                  | taking damage. [demonic ancestry]
   107 | D        | Reached XP level 5. HP: 43/43 MP: 9/13
   108 | D        | Killed a black bear
   109 | D        | Reached skill level 5 in Fighting
   109 | D        | Reached skill level 12 in Invocations
   112 | D        | Got the ring "Cyning" {rN+ Str+3}
   118 | D        | Entered arena 3.
   118 | D        | Noticed a wolf
   118 | D        | Noticed a spriggan
   118 | D        | Noticed a wolf
   118 | D        | Found a transporter.
   122 | D        | Killed a wolf
   122 | D        | Killed a spriggan
   122 | D        | Reached *** piety under Qazlal
   123 | D        | Reached skill level 5 in Axes
   123 | D        | Reached skill level 5 in Dodging
   123 | D        | Reached skill level 13 in Invocations
   123 | D        | Reached XP level 6. HP: 52/52 MP: 12/15
   124 | D        | Gained mutation: You have a pair of small antennae on your
                  | head. [demonic ancestry]
   124 | D        | Reached XP level 7. HP: 58/58 MP: 13/17
   133 | D        | Entered arena 4.
   133 | D        | Noticed a soul eater
   133 | D        | Noticed an ice devil
   133 | D        | Found a transporter.
   139 | D        | Killed an ice devil
   140 | D        | Reached skill level 5 in Armour
   140 | D        | Reached skill level 5 in Shields
   140 | D        | Reached skill level 14 in Invocations
   144 | D        | Killed a soul eater
   144 | D        | Reached **** piety under Qazlal
   145 | D        | Reached skill level 15 in Invocations
   145 | D        | Gained mutation: When hurt, damage is shared between your
                  | health and your magic reserves. [demonic ancestry]
   145 | D        | Reached XP level 8. HP: 47/67 MP: 17/19
   178 | D        | Entered arena 5.
   178 | D        | Noticed a white ugly thing
   178 | D        | Noticed a cyan ugly thing
   178 | D        | Found a transporter.
   182 | D        | Killed a cyan ugly thing
   186 | D        | Killed a white ugly thing
   187 | D        | Reached skill level 16 in Invocations
   187 | D        | Reached XP level 9. HP: 66/74 MP: 19/21
   188 | D        | Reached ***** piety under Qazlal
   195 | D        | Entered arena 6.
   195 | D        | Noticed a thrashing horror
   195 | D        | Found a transporter.
   203 | D        | Killed a thrashing horror
   204 | D        | Reached skill level 17 in Invocations
   211 | D        | Got the Opusculum on Frigorific Leadership
   214 | D        | Entered arena 7.
   214 | D        | Noticed a guardian mummy
   214 | D        | Noticed a guardian mummy
   215 | D        | Found a transporter.
   221 | D        | Killed a guardian mummy
   221 | D        | Reached ****** piety under Qazlal
   222 | D        | Killed a guardian mummy
   223 | D        | Gained mutation: You sometimes gain power by taking damage.
                  | [demonic ancestry]
   223 | D        | Reached XP level 10. HP: 61/83 MP: 18/22
   231 | D        | Entered arena 8.
   232 | D        | Found a transporter.
   247 | D        | Got Vyedeej's Handbook of the Boggart and Cadavers
   259 | D        | Acquired a manual of Fighting
   261 | D        | Entered arena 9.
   262 | D        | Found a transporter.
   278 | D        | Entered arena 10.
   279 | D        | Found a transporter.
   290 | D        | Reached skill level 18 in Invocations
   295 | D        | Got the -2 pair of boots "Fimin" {Regen+ Int+6 Slay-4}
   299 | D        | Entered arena 11.
   300 | D        | Found a transporter.
   306 | D        | Reached skill level 10 in Fighting
   351 | D        | Entered arena 12.
   351 | D        | Noticed a deep elf pyromancer
   351 | D        | Noticed a deep elf archer
   351 | D        | Noticed a deep elf zephyrmancer
   351 | D        | Noticed a deep elf high priest
   351 | D        | Noticed a deep elf annihilator
   351 | D        | Noticed a deep elf knight
   352 | D        | Noticed a deep elf sorcerer
   352 | D        | Noticed a deep elf annihilator
   353 | D        | Killed a deep elf knight
   353 | D        | Killed a deep elf archer
   353 | D        | Killed a deep elf annihilator
   353 | D        | Killed a deep elf pyromancer
   353 | D        | Killed a deep elf high priest
   353 | D        | Killed a deep elf sorcerer
   353 | D        | Killed a deep elf annihilator
   354 | D        | Reached skill level 10 in Axes
   354 | D        | Reached skill level 10 in Dodging
   354 | D        | Reached skill level 20 in Invocations
   354 | D        | Reached XP level 11. HP: 86/97 MP: 12/25
   354 | D        | Found a transporter.
   359 | D        | Killed a deep elf zephyrmancer
   606 | D        | Entered arena 13.
   606 | D        | Noticed an ancient champion
   606 | D        | Noticed an ancient champion
   606 | D        | Noticed an iron dragon
   606 | D        | Noticed an ancient champion
   606 | D        | Noticed an ancient champion
   607 | D        | Noticed a Hell Sentinel
   607 | D        | Noticed an ancient champion
   607 | D        | Noticed an iron dragon
   607 | D        | Found the +8 Wrath of Trog {antimagic, *Rage Rampage}
   607 | D        | Noticed a caustic shrike
   608 | D        | Killed an ancient champion
   608 | D        | Killed an ancient champion
   608 | D        | Killed an ancient champion
   608 | D        | Killed an ancient champion
   608 | D        | Killed an ancient champion
   608 | D        | Killed an iron dragon
   609 | D        | Reached skill level 15 in Fighting
   609 | D        | Reached skill level 10 in Armour
   609 | D        | Reached skill level 10 in Shields
   609 | D        | Reached skill level 22 in Invocations
   609 | D        | Gained mutation: You are partially covered in slimy green
                  | scales. (AC +2) [demonic ancestry]
   609 | D        | Reached XP level 12. HP: 109/109 MP: 17/27
   609 | D        | Found a transporter.
   610 | D        | Killed a caustic shrike
   614 | D        | Killed a Hell Sentinel
   615 | D        | Reached skill level 23 in Invocations
   618 | D        | Killed an iron dragon
   624 | D        | Got the amulet "Jiaseng" {RegenMP Str+3 Int+2}
   672 | D        | Entered arena 14.
   675 | D        | Found a transporter.
   684 | D        | Got the Meditations on Obstruction
   689 | D        | Got the Tome of Scorched Poisoning
   697 | D        | Entered arena 15.
   698 | D        | Noticed a vampire knight
   699 | D        | Found the +4 moon troll leather armour {Spirit, Regen++
                  | MP+5}
   700 | D        | Found a transporter.
   707 | D        | Reached skill level 1 in Shapeshifting
   716 | D        | Killed a vampire knight
   718 | D        | Reached skill level 24 in Invocations
   723 | D        | Got the ring of False Hope {Fire Will+ rCorr Str-3 Int+3}
   725 | D        | Got the ring of Disaster {MP+9 EV+5}
  1000 | D        | Entered arena 16.
  1000 | D        | Noticed a cacodemon
  1000 | D        | Noticed Ataloywe the pandemonium lord
  1000 | D        | Noticed Enehetes the pandemonium lord
  1002 | D        | Killed a cacodemon
  1003 | D        | Reached XP level 13. HP: 119/119 MP: 21/29
  1004 | D        | Killed Ataloywe the pandemonium lord
  1005 | D        | Reached skill level 5 in Shapeshifting
  1007 | D        | Noticed a fire dragon
  1007 | D        | Killed Enehetes the pandemonium lord
  1008 | D        | Reached skill level 25 in Invocations
  1009 | D        | Found a transporter.
  1054 | D        | Entered arena 17.
  1064 | D        | Found a transporter.
  1083 | D        | Got the Elucidation of Burnt Geometries
  1380 | D        | Entered arena 18.
  1382 | D        | Noticed a cacodemon
  1383 | D        | Noticed a demonspawn blood saint
  1383 | D        | Noticed a demonspawn corrupter
  1383 | D        | Noticed a demonspawn corrupter
  1384 | D        | Noticed a mummy priest
  1384 | D        | Noticed an angel
  1384 | D        | Killed a demonspawn corrupter
  1384 | D        | Killed an angel
  1384 | D        | Killed a demonspawn blood saint
  1384 | D        | Killed a demonspawn corrupter
  1385 | D        | Reached skill level 26 in Invocations
  1387 | D        | Killed a cacodemon
  1394 | D        | Found a transporter.
  1409 | D        | Got the ring of Music {Will+ Str+2}
  1417 | D        | Got Ygraw's Incantation and You
  1429 | D        | Entered arena 19.
  1431 | D        | Noticed a royal mummy
  1431 | D        | Identified the +0 leather armour of the Sunfish {Harm
                  | Will+++ Int-3 Dex-5}
  1431 | D        | Noticed a royal mummy
  1431 | D        | Noticed a royal mummy
  1432 | D        | Noticed a royal mummy
  1432 | D        | Noticed a royal mummy
  1433 | D        | Killed a royal mummy
  1433 | D        | Killed a royal mummy
  1433 | D        | Killed a royal mummy
  1434 | D        | Reached skill level 15 in Dodging
  1434 | D        | Reached skill level 27 in Invocations
  1434 | D        | Gained mutation: You have a pair of antennae on your head.
                  | [demonic ancestry]
  1434 | D        | Reached XP level 14. HP: 30/129 MP: 5/31
  1439 | D        | Killed a royal mummy
  1440 | D        | Killed a royal mummy
  1441 | D        | Found a transporter.
  1598 | D        | Got the Elucidation of Erosion
  1598 | D        | Got Tulydiy's Papyrus of Charming Locality
  1598 | D        | Got the ring "Beobb" {rC+ Int+3 SInv}
  1613 | D        | Entered arena 20.
  1617 | D        | Noticed a rockslime
  1617 | D        | Noticed a quicksilver ooze
  1618 | D        | Noticed an acid blob
  1619 | D        | Killed an acid blob
  1619 | D        | Killed a quicksilver ooze
  1619 | D        | Killed a rockslime
  1620 | D        | Reached skill level 15 in Axes
  1620 | D        | Reached skill level 10 in Shapeshifting
  1621 | D        | Found a transporter.
  1640 | D        | Got the Handbook of the Congregation and Transmutation
  1654 | D        | Entered arena 21.
  1658 | D        | Noticed an Ice Fiend
  1658 | D        | Noticed a frost giant
  1658 | D        | Noticed an Ice Fiend
  1660 | D        | Killed a frost giant
  1660 | D        | Killed an Ice Fiend
  1660 | D        | Killed an Ice Fiend
  1661 | D        | Reached skill level 15 in Armour
  1661 | D        | Reached skill level 15 in Shields
  1661 | D        | Reached XP level 15. HP: 86/139 MP: 13/32
  1663 | D        | Found a transporter.
  1684 | D        | Got the Monograph on Forms and the Black Widow
  1695 | D        | Entered arena 22.
  1702 | D        | Found the +8 longbow "Zephyr" {speed, Dex+3 SInv}
  1707 | D        | Found a transporter.
  1723 | D        | Got the Cyclopedia of Creeping Aeromancy
  1851 | D        | Entered arena 23.
  1860 | D        | Killed a lich
  1866 | D        | Identified the staff of the Ecumenical Temple {*Corrode
                  | rPois Will+ Int+3 SInv Poison}
  1868 | D        | Identified the staff of Ointment {*Slow Dex+4 Conj}
  1883 | D        | Found a transporter.
  1964 | D        | Got the Compilation of Sidekicks and the Volcano
  1989 | D        | Entered arena 24.
  1995 | D        | Identified the staff "Dirun" {rN+ Str+4 Necro}
  1997 | D        | Reached skill level 15 in Shapeshifting
  1997 | D        | Gained mutation: When low on magic, you restore magic in
                  | place of health. [demonic ancestry]
  1997 | D        | Reached XP level 16. HP: 125/152 MP: 20/33
  1999 | D        | Identified the ring "Rotogoy" {Ice *Slow rElec Int+7}
  2185 | D        | Found a transporter.
  2296 | D        | Entered arena 25.
  2305 | D        | Identified the +0 robe "Himelut" {*Corrode rF+ Dex+2}
  2309 | D        | Found a transporter.
  2397 | D        | Entered arena 26.
  2405 | D        | Noticed a shadow dragon
  2405 | D        | Noticed a shadow dragon
  2405 | D        | Noticed a Tzitzimitl
  2406 | D        | Noticed a doom hound
  2406 | D        | Noticed a shadow dragon
  2406 | D        | Noticed a shadow dragon
  2407 | D        | Noticed a bone dragon
  2407 | D        | Killed a shadow dragon
  2407 | D        | Killed a shadow dragon
  2407 | D        | Killed a doom hound
  2408 | D        | Noticed a profane servitor
  2408 | D        | Killed a doom hound
  2410 | D        | Killed a shadow dragon
  2410 | D        | Killed a Tzitzimitl
  2410 | D        | Killed a profane servitor
  2410 | D        | Killed a shadow dragon
  2411 | D        | Gained mutation: You are mostly covered in slimy green
                  | scales. (AC +3) [demonic ancestry]
  2411 | D        | Reached XP level 17. HP: 163/163 MP: 18/34
  2411 | D        | Killed a bone dragon
  2412 | D        | Found a transporter.
  2482 | D        | Entered arena 27.
  2490 | D        | Noticed a tainted leviathan
  2490 | D        | Found the +10 tower shield of Ignorance {rN+ Int-4}
  2490 | D        | Noticed a doom hound
  2491 | D        | Found the +1 robe of Vines {NoPotionHeal Regen++++}
  2491 | D        | Found the +0 pair of fencer's gloves {Riposte Dex+3}
  2491 | D        | Noticed a doom hound
  2491 | D        | Noticed a tainted leviathan
  2492 | D        | Killed a doom hound
  2492 | D        | Noticed a tainted leviathan
  2493 | D        | Killed a tainted leviathan
  2494 | D        | Killed a doom hound
  2495 | D        | Killed a tainted leviathan
  2495 | D        | Killed a tainted leviathan
  2495 | D        | Killed a doom hound
  2500 | D        | Found the +10 morningstar "Eos" {elec, Halo rElec}
  2501 | D        | Found the +6 lightning scales {swift, rElec}
  2503 | D        | Found a transporter.
  2517 | D        | Got the Folio of Subzero Calefaction
  2544 | D        | Got the amulet of Spite {Rampage Fragile +Inv rPois Regen+}
  2575 | D        | Entered arena 28.
  2584 | D        | Identified the +3 dagger of Maptifo {heavy, Int+6}
  2590 | D        | Gained mutation: Your presence sometimes corrodes those you
                  | injure. [demonic ancestry]
  2590 | D        | Reached XP level 18. HP: 177/177 MP: 20/35
  2604 | D        | Found the crystal ball of Wucad Mu {*channel}
  2606 | D        | Found a transporter.
  2609 | D        | Got the amulet "Yce Ezul" {+Blink Regen+ Str+5 Int+3 Dex-2}
  2679 | D        | Got the +1 pair of gloves of the Healing Gods {rPois SInv}
  2694 | D        | Got the Orb of Zot
  2697 | D        | Noticed Cudadgh the pandemonium lord
  2710 | D        | Killed Cudadgh the pandemonium lord
  2718 | D        | Escaped with the Orb!

Illustrated notes

Levels and vault maps discovered:
D:        sprint_v [room_start, room_1, room_2, room_3, room_4, room_5, room_6,
          room_7, room_8, room_9, room_10, room_11, room_12, room_13, room_14,
          room_15, room_16, room_17, room_18, room_19, room_20, room_21,
          room_22, room_23, room_24, room_25, room_26, room_27]

Skill      XL: |  1  2  3  4  5  6  7  8  9 10 11 12 13 14 15 16 17 18 |
---------------+-------------------------------------------------------+-----
Invocations    | 9 11 13 15 16 17 20 22 24 27 | 27.0
Fighting       | 4 5 6 7 8 9 12 15 16 17 19 21 23 25 | 25.3
Axes           | 4 5 6 7 8 10 11 12 14 15 17 20 22 | 22.3
Armour         | 2 4 5 6 7 9 10 12 13 15 18 20 22 | 22.6
Dodging        | 4 5 6 7 8 10 11 13 15 17 19 21 22 23 | 23.1
Shields        | 2 4 5 6 7 9 10 12 13 15 17 19 21 | 21.5
Shapeshifting  | 4 9 11 15 18 21 | 21.9

Action                     |  1- 3 |  4- 6 |  7- 9 | 10-12 | 13-15 | 16-18 || total
---------------------------+-------+-------+-------+-------+-------+-------++-------
  Melee: Broad axe         |     3 |     6 |    29 |    49 |    40 |    54 ||   181
 Invoke: Disaster Area     |       |       |       |     5 |    13 |    12 ||    30
Ability: Begin Untransform |       |       |       |     1 |     1 |       ||     2
    Use: Potion            |     2 |       |     1 |     1 |     7 |     1 ||    12
         Scroll            |       |       |       |     1 |       |     4 ||     5
   Stab: Confused          |       |       |       |     1 |       |       ||     1
         Distracted        |       |       |       |       |       |     1 ||     1
 Armour: Gold dragon scale |     3 |     1 |    12 |    16 |    12 |    12 ||    56
  Dodge: Dodged            |       |       |       |     3 |     7 |     7 ||    17
  Block: Kite shield       |     5 |    12 |    49 |    88 |    55 |    71 ||   280
   Form: Statue            |       |       |       |     1 |       |       ||     1
         Death             |       |       |       |       |     1 |       ||     1

Table legend: (Time is in decaauts)
 A = Elapsed time spent in this place.
 B = Non-inter-level travel time spent in this place.
 C = Inter-level travel time spent in this place.
 D = Time resting spent in this place.
 E = Time spent auto-exploring this place.
 F = Levels seen in this place.
 G = Mean time per level.
                   A        B        C        D        E       F      G
               +--------+--------+--------+--------+--------+-----+--------+
         Total |   2618 |   2606 |     12 |   1016 |    304 |   1 | 2618.0 |
       Dungeon |   2618 |   2606 |     12 |   1016 |    304 |   1 | 2618.0 |
               +--------+--------+--------+--------+--------+-----+--------+

Top non-repeatable levels by time:
       D: 2618 daAuts
